 Dungeon Crawl Stone Soup version 0.30.0-20-g3615ddf2f0 (webtiles) character file.

Game seed: 14863139781747884579

149520 qw the Severer (level 17, -8/113 HPs)
             Began as a Gargoyle Fighter on May 27, 2023.
             Was a Priest of Okawaru.
             Killed from afar by Nikola (49 damage)
             ... with an arc of chain lightning
             ... on level 3 of the Swamp.
             The game lasted 00:15:10 (24140 turns).

qw the Severer (Gargoyle Fighter)                  Turns: 24140, Time: 00:15:10

Health: -8/113     AC: 51    Str: 33    XL:     17   Next: 51%
Magic:  24/24      EV: 11    Int: 12    God:    Okawaru [***...]
Gold:   3559       SH: 15    Dex:  9    Spells: 16/16 levels left

rFire   + . .        s - +3 war axe (spect)
rCold   . . .        G - +1 kite shield {reflect}
rNeg    + . .        J - +5 plate armour {rF+}
rPois   inf          i - +2 helmet
rElec   +            f - +2 cloak {Will+}
rCorr   .            p - +2 pair of gloves
SInv    +            r - +1 pair of boots "Kuyrot" {Int+2}
Will    ++...        x - amulet of regeneration Stlth
                     A - ring of see invisible
HPRegen 1.18/turn    g - +6 ring of strength
MPRegen 0.19/turn

%: reflection
@: heroic, flying
A: sickness immunity, AC +12, big wings, negative energy resistance 1,
electricity resistance, torment resistance 1, petrification resistance
a: Renounce Religion, Heroism


You were on level 3 of the Swamp.
You worshipped Okawaru.
Okawaru was most pleased with you.
You visited 5 branches of the dungeon, and saw 26 of its levels.

You collected 4816 gold pieces.
You spent 1257 gold pieces at shops.


Innate Abilities, Weirdness & Mutations

You are immune to sickness and miasma.
Your stone body is resilient. (AC +12)
You are immune to poison.
Your large and strong wings let you fly.
You resist negative energy. (rN+)
You are resistant to electric shocks. (rElec)
You are resistant to unholy torment.
You are immune to petrification.


   Skills:
 + Level 15.0(20.0) Fighting
 - Level 16.0(21.0) Axes
 - Level 7.0(12.0) Throwing
 - Level 15.0(20.0) Armour
 - Level 4.0(9.0) Dodging
 - Level 15.0(20.0) Shields
 - Level 10.0 Invocations


You had 16 spell levels left.
You didn't know any spells.
Your spell library was empty.

Inventory:

Hand Weapons
 n - a +1 eveningstar of holy wrath
 s - a +3 spectral war axe (weapon)
Missiles
 o - 2 javelins (quivered)
 E - 7 boomerangs
Armour
 f - a +2 cloak of willpower (worn)
 i - a +2 helmet (worn)
 m - the -2 pair of gloves "Zir Nay" {rN+ rCorr Str+4 Int+3}
   (You found it on level 3 of the Dungeon)

   Str:       It affects your strength (+4).
   Int:       It affects your intelligence (+3).
   rN:        It protects you from negative energy.
   rCorr:     It protects you from acid and corrosion.
 p - a +2 pair of gloves (worn)
 r - the +1 pair of boots "Kuyrot" (worn) {Int+2}
   (You found it on level 2 of the Lair of Beasts)

   Int:       It affects your intelligence (+2).
 w - +0 acid dragon scales
 F - a scarf of resistance
 G - a +1 kite shield of reflection (worn)
 I - the +5 plate armour of Osonuc {Harm Drain Dex+6}
   (You bought it in a shop on level 2 of the Orcish Mines)

   Dex:       It affects your dexterity (+6).
   Drain:     It drains your maximum health when unequipped.
   Harm:      It increases damage dealt and taken.
 J - a +5 plate armour of fire resistance (worn)
Jewellery
 g - a +6 ring of strength (right hand)
 j - a ring of ice
 t - a ring of ice
 v - a ring of resist corrosion
 x - an amulet of regeneration (around neck)
 y - a ring of willpower
 A - a ring of see invisible (left hand)
 B - a ring of positive energy
Wands
 z - a wand of digging (10)
Scrolls
 e - 14 scrolls of identify
 D - 5 scrolls of teleportation
Potions
 a - 4 potions of attraction
 b - 2 potions of magic
 c - 6 potions of mutation
 d - 3 potions of might
 h - 2 potions of cancellation
 k - 6 potions of lignification
 l - 10 potions of curing
 q - 3 potions of resistance
 u - 4 potions of haste
 C - 2 potions of heal wounds

Dungeon Overview and Level Annotations

Branches:
Dungeon (15/15)            Temple (1/1) D:7            Lair (5/5) D:11
  Swamp (3/4) Lair:2       Spider (0/4) Lair:3        Slime (0/5) Lair:4
    Orc (2/2) D:12            Elf (0/3) Orc:2        Vaults (0/5) D:14
 Depths (0/4) D:15

Altars:
Ashenzari
Cheibriados
Dithmenos
Elyvilon
Fedhas
Gozag
Hepliaklqana
Kikubaaqudgha
Makhleb
Nemelex Xobeh
Okawaru
Qazlal
Ru
Sif Muna
Trog
Uskayaw
Vehumet
Wu Jian
Xom
Yredelemnul
Zin
The Shining One
Jiyva

Shops:
D:3 =   D:13 [   Orc:2 *[(((

Portals:
Trove: D:15 (give horn of Geryon)

Annotations:
D:4 2 transporters, qw's ghost, amateur GrFi
D:9 2 transporters
Lair:5 1 runed translucent door
Swamp:3 Nikola
Orc:2 1 runed translucent door


Message History

Nikola is lightly wounded.
Your +3 spectral war axe hits Nikola.
Nikola mumbles some strange words.
Lightning arcs from Nikola's hands!
The bolt of lightning hits you!!! You resist.
A bolt of lightning appears from out of thin air!
The bolt of lightning hits Nikola!
You completely miss Nikola.
Nikola is lightly wounded.
Your +3 spectral war axe hits Nikola.
You slice Nikola!!
Nikola is moderately wounded.
Your +3 spectral war axe hits Nikola!!
Nikola hits you but does no damage.
You slash Nikola!
Nikola is moderately wounded.
Your +3 spectral war axe hits Nikola!!
Nikola casts a spell.
Nikola blinks!
Your +3 spectral war axe disappears.
Enter note:
Enter note:
Enter note:
Enter note:
Enter note:
Enter note: You slash Nikola!
Nikola is heavily wounded.
Your +3 spectral war axe hits Nikola!
Nikola points at you and mumbles some strange words.
The bolt of lightning hits you! You resist.
The mangrove smoulders and burns.
You slash Nikola!
Nikola is severely wounded.
Your +3 spectral war axe hits Nikola but does no damage.
You completely miss Nikola.
Nikola is severely wounded.
Your +3 spectral war axe hits Nikola!
Nikola gestures wildly while chanting.
Lightning arcs from Nikola's hands!
The bolt of lightning hits you!!! You resist.
You die... 777 77~77777 777

7~~..~.7777.7777
7~¤~~~~.77.....77
77..¤¤~~..~~~~?.~7777
77...77.¤.7~.~.0@@..~7
~..~~~77..7777777(~~~7
....~#77777 ¤~~..7
....#...7 ...~77
....##..7 ..~~~7 ###.#
.77 ..~~.7 # ##.# .
.~~~.7 # ....7 .~~~.7
# ...7


You could see Nikola (distracted) and a friendly +3 spectral war axe.

Vanquished Creatures
  Jorgrun (D:13)
  Kirke (D:13)
  2 fenstrider witches (Swamp:2)
  An orc warlord (Orc:2)
  Aizul (Swamp:1)
  An ironbound preserver (D:14)
  An eleionoma (Swamp:1)
  Snorg (Lair:4)
  2 ettins (Orc:1)
  A fire dragon (D:15)
  An entropy weaver (shapeshifter) (D:14)
  Erica (D:8)
  4 centaur warriors
  14 hydras
  4 ogre magi
  9 two-headed ogres
  8 boulder beetles
  9 death yaks
  4 orc high priests
  A tengu warrior (D:13)
  6 alligators
  Urug (Orc:1)
  Sonja (D:12)
  2 sun demons (D:11)
  Amaemon (Lair:1)
  A soul eater (D:11)
  Nergalle (Lair:1)
  3 skysharks
  A sixfirhy (D:11)
  A death drake (Swamp:3)
  5 skeletal warriors (D:12)
  A goliath frog (Swamp:2)
  4 spriggan druids
  6 swamp dragons
  2 lindwurms (Lair:5)
  3 bog bodies
  4 deep elf pyromancers
  2 orc knights
  7 manticores
  13 ugly things
  3 cyclopes
  5 orc sorcerers
  An oklob plant (D:11)
  A wolf spider (D:12)
  4 will-o-the-wisps
  15 elephants
  8 black mambas
  A rust devil (D:11)
  Maggie (Lair:1)
  3 gargoyles (D:12)
  Psyche (D:12)
  2 orange demons
  6 torpor snails
  A kobold demonologist (D:12)
  A rime drake (shapeshifter) (D:13)
  18 komodo dragons
  2 unseen horrors
  10 cane toads
  4 efreet
  18 polar bears
  12 trolls
  9 tyrant leeches
  A bloated husk (Swamp:1)
  A tarantella (Lair:3)
  11 hornets
  2 raiju (Lair:5)
  7 blink frogs
  8 dream sheep
  12 slime creatures
  5 shadows
  5 spriggans
  2 wyverns
  61 yaks
  A vampire (D:12)
  A wraith (D:12)
  6 hogs (D:13)
  4 basilisks
  23 vampire mosquitoes
  A hog (shapeshifter) (D:12)
  A human (D:13)
  Menkaure (D:4)
  10 wargs
  22 swamp worms
  17 water moccasins
  3 acid dragons
  25 orc warriors
  13 hell hounds (Lair:5)
  A swamp drake (Swamp:1)
  A sky beast (D:7)
  A meliai simulacrum (D:12)
  14 black bears
  23 wolves
  12 ogres
  5 boggarts
  3 centaurs
  A phantom (D:4)
  5 kobold brigands
  14 bullfrogs
  A scorpion (D:5)
  An electric eel (Lair:1)
  7 howler monkeys
  21 orc priests
  2 gnoll boudas
  3 hounds
  5 iguanas
  2 sleepcaps (D:5)
  24 orc wizards
  6 adders
  9 gnolls
  A white imp (D:7)
  2 worms (D:2)
  2 dart slugs
  85 orcs
  9 ball pythons
  8 endoplasms
  2 giant cockroaches
  7 hobgoblins
  3 jackals (D:4)
  32 kobolds
  8 quokkas
  5 bats
  2 frilled lizards (D:1)
  5 goblins
  8 rats
841 creatures vanquished.

Vanquished Creatures (others)
  A fire dragon (D:15)
  3 bloated husks
  A spriggan (Swamp:1)
  2 swamp worms (Swamp:1)
  A swamp drake (Lair:3)
  6 foxfires
  21 spectral weapons
35 creatures vanquished.

Grand Total: 876 creatures vanquished

Notes
Turn   | Place    | Note
-------+----------+-------------------------------------------
     0 | D:1      | qw the Gargoyle Fighter began the quest for the Orb.
     0 | D:1      | Reached XP level 1. HP: 14/14 MP: 1/1
     0 | D:1      | 0 ||| qw: Version: 0.2-a-99-gce666ed
     0 | D:1      | 0 ||| qw: Game counter: 117
     0 | D:1      | 0 ||| qw: Always use a shield: true
     0 | D:1      | 0 ||| qw: God list: Okawaru
     0 | D:1      | 0 ||| qw: Allow faded altars: false
     0 | D:1      | 0 ||| qw: Do Orc after D:15 true
     0 | D:1      | 0 ||| qw: Do second Lair branch before Depths: true
     0 | D:1      | 0 ||| qw: Lair rune preference: random
     0 | D:1      | 0 ||| qw: Plans: Normal, Zot:1-4, God:TSO, Crypt, Tomb,
                  | Pan, Slime:5, Hells, Abyss, Win
     0 | D:1      | 0 ||| PLANNING D:1-11
   150 | D:1      | Reached skill level 2 in Axes
   267 | D:1      | Reached XP level 2. HP: 19/19 MP: 2/2
   397 | D:1      | 397 ||| Stepping ~*~*~tactically~*~*~ (stealth).
   811 | D:1      | Reached skill level 3 in Axes
   961 | D:1      | Reached XP level 3. HP: 23/23 MP: 3/3
  1150 | D:1      | 1150 ||| DROPPING orb of guile.
  1151 | D:1      | 1151 ||| UPGRADING to +0 pair of boots.
  1156 | D:1      | 1156 ||| READING scroll labelled OCSOIGEOFI.
  1157 | D:1      | 1157 ||| READING scroll labelled DADEAH EMIC MIE.
  1158 | D:1      | 1158 ||| READING scroll labelled KEMNAQIUNT.
  1238 | D:2      | 1238 ||| Stepping ~*~*~tactically~*~*~ (hiding).
  1241 | D:2      | 1241 ||| Stepping ~*~*~tactically~*~*~ (hiding).
  1577 | D:2      | 1577 ||| Stepping ~*~*~tactically~*~*~ (hiding).
  1580 | D:2      | 1580 ||| Stepping ~*~*~tactically~*~*~ (hiding).
  1581 | D:2      | 1581 ||| Stepping ~*~*~tactically~*~*~ (hiding).
  1583 | D:2      | 1583 ||| Stepping ~*~*~tactically~*~*~ (hiding).
  1592 | D:2      | Reached XP level 4. HP: 15/28 MP: 4/4
  1657 | D:2      | 1657 ||| DROPPING +0 club.
  1875 | D:2      | 1875 ||| READING scroll labelled EDUPPIOTHRO.
  1876 | D:2      | 1876 ||| READING scroll labelled JOGIKH CIFAC.
  1977 | D:2      | 1977 ||| DRINKING 2 blue potions.
  1978 | D:2      | 1978 ||| DRINKING 2 fuming silvery potions.
  2083 | D:2      | 2083 ||| DRINKING 3 lumpy golden potions.
  2102 | D:2      | 2102 ||| DROPPING potion of flight.
  2103 | D:2      | 2103 ||| DROPPING potion of berserk rage.
  2124 | D:3      | Reached skill level 4 in Axes
  2131 | D:3      | Found a faded altar of an unknown god.
  2226 | D:3      | 2226 ||| Stepping ~*~*~tactically~*~*~ (stealth).
  2281 | D:3      | Found Hycir's Jewellery Emporium.
  2290 | D:3      | 2290 ||| SHOPLISTING +4 ring of protection (504 gold, have
                  | 67).
  2290 | D:3      | 2290 ||| SHOPLISTING ring of protection from cold (350
                  | gold, have 67).
  2632 | D:3      | Identified the -2 pair of gloves "Zir Nay" {rN+ rCorr Str+4
                  | Int+3}
  2776 | D:3      | 2776 ||| UPGRADING to -2 pair of gloves "Zir Nay" {rN+
                  | rCorr Str+4 Int+3}.
  2781 | D:3      | 2781 ||| READING scroll labelled ZIWISO MYKHA.
  2781 | D:3      | Identified a scroll of acquirement
  2781 | D:3      | 2781 ||| ACQUIRING +2 cloak of willpower
  2781 | D:3      | Acquired a +2 cloak of willpower
  2783 | D:3      | 2783 ||| UPGRADING to +2 cloak of willpower.
  2788 | D:3      | 2788 ||| READING 2 scrolls labelled WEKEMA QUDOMU.
  2789 | D:3      | 2789 ||| READING scroll labelled RAIDGH BUMAO.
  2792 | D:3      | 2792 ||| READING 2 scrolls of identify.
  2792 | D:3      | 2792 ||| IDENTIFYING golden potion
  2793 | D:3      | 2793 ||| DROPPING scroll of amnesia.
  2965 | D:4      | Noticed qw's ghost (amateur GrFi)
  2970 | D:4      | Found a transporter.
  2988 | D:4      | 2988 ||| Stepping ~*~*~tactically~*~*~ (stealth).
  2997 | D:4      | 2997 ||| Stepping ~*~*~tactically~*~*~ (stealth).
  3026 | D:4      | Reached XP level 5. HP: 32/32 MP: 5/5
  3094 | D:4      | Noticed a phantom
  3104 | D:4      | Killed a phantom
  3105 | D:4      | Reached skill level 5 in Axes
  3172 | D:4      | Reached XP level 6. HP: 37/37 MP: 6/6
  3312 | D:4      | Found a transporter.
  3378 | D:4      | Noticed Menkaure
  3379 | D:4      | 3379 ||| Stepping ~*~*~tactically~*~*~ (hiding).
  3385 | D:4      | Killed Menkaure
  3584 | D:4      | 3584 ||| UPGRADING to +2 pair of gloves.
  3594 | D:4      | 3594 ||| UPGRADING to +0 chain mail.
  3604 | D:4      | 3604 ||| DROPPING +0 scale mail.
  3605 | D:4      | 3605 ||| DROPPING amulet of magic regeneration.
  3606 | D:4      | 3606 ||| UPGRADING to +6 ring of strength.
  3607 | D:4      | 3607 ||| READING scroll labelled RERAIQ VIOPAL.
  3608 | D:4      | 3608 ||| READING scroll labelled KEUHEE MUITAU.
  3609 | D:4      | 3609 ||| READING scroll labelled LAISERA OTROO.
  3610 | D:4      | 3610 ||| READING 2 scrolls labelled TAYFOD PUADGH.
  3611 | D:4      | 3611 ||| READING 2 scrolls of identify.
  3611 | D:4      | 3611 ||| IDENTIFYING bubbling white potion
  3612 | D:4      | 3612 ||| DROPPING potion of magic.
  3613 | D:4      | 3613 ||| DROPPING scroll of butterflies.
  3618 | D:5      | Entered Level 5 of the Dungeon
  3690 | D:5      | Noticed a water moccasin
  3695 | D:5      | Reached XP level 7. HP: 25/44 MP: 7/7
  3712 | D:5      | Reached skill level 6 in Axes
  3827 | D:5      | 3827 ||| DROPPING +0 whip.
  3955 | D:5      | Reached skill level 7 in Axes
  3955 | D:5      | Reached XP level 8. HP: 27/48 MP: 8/8
  4531 | D:5      | 4531 ||| UPGRADING to ring of willpower.
  4532 | D:5      | 4532 ||| READING 2 scrolls of identify.
  4532 | D:5      | 4532 ||| IDENTIFYING yellow potion
  4751 | D:6      | 4751 ||| Stepping ~*~*~tactically~*~*~ (hiding).
  4758 | D:6      | Reached skill level 8 in Axes
  4867 | D:6      | Found a white marble altar of Elyvilon.
  4871 | D:6      | 4871 ||| READING scroll of acquirement.
  4871 | D:6      | 4871 ||| ACQUIRING 749 gold pieces
  4871 | D:6      | Acquired 749 gold pieces
  5010 | D:6      | 5010 ||| READING scroll labelled PYNGUIDWISAIG.
  5030 | D:7      | Reached skill level 6 in Fighting
  5042 | D:7      | Noticed a yak
  5044 | D:7      | Noticed a yak
  5046 | D:7      | Noticed a yak
  5048 | D:7      | Noticed a yak
  5049 | D:7      | Noticed a yak
  5055 | D:7      | Killed a yak
  5056 | D:7      | Reached skill level 9 in Axes
  5056 | D:7      | Reached XP level 9. HP: 31/55 MP: 9/9
  5058 | D:7      | HP: 6/55 [yak (8)]
  5063 | D:7      | HP: 1/55 [yak (3)]
  5065 | D:7      | 5065 ||| FLEEEEING.
  5066 | D:7      | 5066 ||| FLEEEEING.
  5067 | D:7      | 5067 ||| FLEEEEING.
  5068 | D:7      | 5068 ||| FLEEEEING.
  5069 | D:7      | 5069 ||| FLEEEEING.
  5070 | D:7      | 5070 ||| FLEEEEING.
  5071 | D:7      | 5071 ||| STAIRDANCE
  5358 | D:7      | 5358 ||| Stepping ~*~*~tactically~*~*~ (stealth).
  5385 | D:7      | Found a staircase to the Ecumenical Temple.
  5386 | D:7      | 5386 ||| PLANNING TEMPLE
  5386 | D:7      | 5386 ||| DROPPING +2 cloak.
  5387 | D:7      | 5387 ||| UPGRADING to +0 kite shield.
  5397 | D:7      | 5397 ||| DROPPING +0 buckler.
  5404 | Temple   | Entered the Ecumenical Temple
  5468 | Temple   | 5468 ||| PLANNING OKAWARU WORSHIP
  5568 | Temple   | Became a worshipper of Warmaster Okawaru
  5568 | Temple   | 5568 ||| PLANNING D:1-11
  5713 | D:7      | 5713 ||| Stepping ~*~*~tactically~*~*~ (stealth).
  5715 | D:7      | 5715 ||| Stepping ~*~*~tactically~*~*~ (stealth).
  5763 | D:7      | 5763 ||| Stepping ~*~*~tactically~*~*~ (hiding).
  5915 | D:7      | 5915 ||| READING 2 scrolls of identify.
  5915 | D:7      | 5915 ||| IDENTIFYING fizzy emerald potion
  6262 | D:8      | 6262 ||| Stepping ~*~*~tactically~*~*~ (hiding).
  6379 | D:8      | 6379 ||| Stepping ~*~*~tactically~*~*~ (hiding).
  6384 | D:8      | Noticed a two-headed ogre
  6385 | D:8      | 6385 ||| Stepping ~*~*~tactically~*~*~ (stealth).
  6393 | D:8      | 6393 ||| Stepping ~*~*~tactically~*~*~ (hiding).
  6404 | D:8      | HP: 12/57 [two-headed ogre/+0 giant club (13)]
  6414 | D:8      | Killed a two-headed ogre
  6414 | D:8      | Reached * piety under Okawaru
  6414 | D:8      | HP: 7/57 [orc wizard/puff of flame (5)]
  6415 | D:8      | Reached XP level 10. HP: 8/63 MP: 10/10
  6415 | D:8      | 6415 ||| INVOKING Heroism.
  6424 | D:8      | Reached skill level 1 in Invocations
  6682 | D:8      | Noticed Erica
  6700 | D:8      | Killed Erica
  6701 | D:8      | Reached skill level 3 in Invocations
  6807 | D:8      | Found a bloodstained altar of Trog.
  7047 | D:8      | 7047 ||| FLEEEEING.
  7048 | D:8      | 7048 ||| FLEEEEING.
  7049 | D:8      | 7049 ||| FLEEEEING.
  7050 | D:8      | 7050 ||| FLEEEEING.
  7051 | D:8      | 7051 ||| FLEEEEING.
  7052 | D:8      | 7052 ||| FLEEEEING.
  7057 | D:8      | 7057 ||| FLEEEEING.
  7058 | D:8      | 7058 ||| FLEEEEING.
  7059 | D:8      | 7059 ||| FLEEEEING.
  7060 | D:8      | 7060 ||| FLEEEEING.
  7061 | D:8      | 7061 ||| FLEEEEING.
  7062 | D:8      | 7062 ||| FLEEEEING.
  7063 | D:8      | 7063 ||| FLEEEEING.
  7064 | D:8      | 7064 ||| FLEEEEING.
  7065 | D:8      | 7065 ||| FLEEEEING.
  7209 | D:8      | 7209 ||| INVOKING Heroism.
  7331 | D:8      | 7331 ||| Stepping ~*~*~tactically~*~*~ (hiding).
  7332 | D:8      | 7332 ||| Stepping ~*~*~tactically~*~*~ (hiding).
  7339 | D:8      | 7339 ||| Stepping ~*~*~tactically~*~*~ (stealth).
  7370 | D:8      | 7370 ||| DROPPING +4 flail.
  7387 | D:8      | 7387 ||| FLEEEEING.
  7388 | D:8      | 7388 ||| FLEEEEING.
  7389 | D:8      | 7389 ||| FLEEEEING.
  7390 | D:8      | 7390 ||| FLEEEEING.
  7391 | D:8      | 7391 ||| FLEEEEING.
  7392 | D:8      | 7392 ||| FLEEEEING.
  7393 | D:8      | 7393 ||| FLEEEEING.
  7394 | D:8      | 7394 ||| FLEEEEING.
  7395 | D:8      | 7395 ||| FLEEEEING.
  7396 | D:8      | 7396 ||| FLEEEEING.
  7397 | D:8      | 7397 ||| FLEEEEING.
  7398 | D:8      | 7398 ||| FLEEEEING.
  7399 | D:8      | 7399 ||| FLEEEEING.
  7400 | D:8      | 7400 ||| FLEEEEING.
  7408 | D:8      | Reached skill level 9 in Shields
  7607 | D:8      | 7607 ||| UPGRADING to amulet of regeneration.
  7612 | D:8      | 7612 ||| UPGRADING to ring of see invisible.
  7614 | D:8      | 7614 ||| UPGRADING to +6 ring of strength.
  7616 | D:8      | 7616 ||| READING scroll labelled MIDEOT QEFF.
  7617 | D:8      | 7617 ||| READING scroll labelled RAIFUX BODWERO.
  7618 | D:8      | 7618 ||| DRINKING 2 cyan potions.
  7619 | D:8      | 7619 ||| DRINKING 2 black potions.
  7620 | D:8      | 7620 ||| DRINKING 2 coppery potions.
  7621 | D:8      | 7621 ||| READING 2 scrolls of identify.
  7621 | D:8      | 7621 ||| IDENTIFYING fuming amethyst potion
  7622 | D:8      | 7622 ||| DROPPING potion of degeneration.
  7702 | D:9      | Reached ** piety under Okawaru
  7703 | D:9      | 7703 ||| INVOKING Heroism.
  7708 | D:9      | Reached skill level 10 in Axes
  7756 | D:9      | 7756 ||| INVOKING Heroism.
  7785 | D:9      | Found a transporter.
  7785 | D:9      | Found a transporter.
  7785 | D:9      | Noticed a boulder beetle
  7946 | D:9      | 7946 ||| UPGRADING to +0 plate armour.
  7956 | D:9      | 7956 ||| DROPPING +0 chain mail.
  7976 | D:10     | Entered Level 10 of the Dungeon
  7998 | D:10     | 7998 ||| Stepping ~*~*~tactically~*~*~ (stealth).
  8004 | D:10     | 8004 ||| INVOKING Heroism.
  8020 | D:10     | Reached skill level 6 in Armour
  8027 | D:10     | Reached XP level 11. HP: 61/68 MP: 14/14
  8070 | D:10     | 8070 ||| Stepping ~*~*~tactically~*~*~ (stealth).
  8072 | D:10     | 8072 ||| Stepping ~*~*~tactically~*~*~ (hiding).
  8074 | D:10     | 8074 ||| Stepping ~*~*~tactically~*~*~ (hiding).
  8218 | D:10     | 8218 ||| INVOKING Heroism.
  8273 | D:10     | 8273 ||| INVOKING Heroism.
  8402 | D:10     | Reached skill level 1 in Throwing
  8406 | D:10     | 8406 ||| FLEEEEING.
  8409 | D:10     | 8409 ||| FLEEEEING.
  8410 | D:10     | 8410 ||| FLEEEEING.
  8422 | D:10     | 8422 ||| Stepping ~*~*~tactically~*~*~ (hiding).
  8571 | D:10     | 8571 ||| Stepping ~*~*~tactically~*~*~ (hiding).
  8695 | D:10     | Noticed a two-headed ogre
  8696 | D:10     | 8696 ||| INVOKING Heroism.
  8702 | D:10     | Killed a two-headed ogre
  8846 | D:10     | Found a burning altar of Makhleb.
  8857 | D:10     | Found a hide-covered altar of Uskayaw.
  8980 | D:10     | 8980 ||| READING 2 scrolls labelled OSIUCSAGOH.
  8981 | D:10     | 8981 ||| READING scroll labelled YGU SAAMEZUA.
  8994 | D:10     | 8994 ||| DROPPING scroll of fear.
  9018 | D:11     | 9018 ||| STAIRDANCE
  9033 | D:11     | 9033 ||| STAIRDANCE
  9047 | D:11     | Reached skill level 11 in Axes
  9081 | D:11     | 9081 ||| Stepping ~*~*~tactically~*~*~ (stealth).
  9088 | D:11     | Reached *** piety under Okawaru
  9137 | D:11     | Noticed an oklob plant
  9138 | D:11     | 9138 ||| INVOKING Heroism.
  9152 | D:11     | Found a staircase to the Lair.
  9160 | D:11     | Killed an oklob plant
  9186 | D:11     | Noticed a soul eater
  9186 | D:11     | Noticed a sun demon
  9187 | D:11     | 9187 ||| INVOKING Heroism.
  9195 | D:11     | Killed a soul eater
  9204 | D:11     | HP: 14/68 [sun demon (17)]
  9204 | D:11     | HP: 2/68 [sun demon (12)]
  9205 | D:11     | 9205 ||| READING 2 scrolls of teleportation.
  9206 | D:11     | 9206 ||| DRINKING 2 potions of heal wounds.
  9209 | D:11     | 9209 ||| DRINKING potion of heal wounds.
  9209 | D:11     | HP: 7/68 [sun demon (15)]
  9282 | D:11     | Noticed a cyclops
  9283 | D:11     | 9283 ||| Stepping ~*~*~tactically~*~*~ (hiding).
  9288 | D:11     | 9288 ||| INVOKING Heroism.
  9292 | D:11     | Killed a cyclops
  9387 | D:11     | Noticed a two-headed ogre
  9388 | D:11     | 9388 ||| INVOKING Heroism.
  9397 | D:11     | Killed a two-headed ogre
  9397 | D:11     | Reached **** piety under Okawaru
  9420 | D:11     | 9420 ||| INVOKING Heroism.
  9443 | D:11     | Noticed a sun demon
  9444 | D:11     | 9444 ||| INVOKING Heroism.
  9450 | D:11     | Killed a sun demon
  9451 | D:11     | Reached skill level 9 in Fighting
  9459 | D:11     | Noticed a sixfirhy
  9467 | D:11     | 9467 ||| Stepping ~*~*~tactically~*~*~ (stealth).
  9469 | D:11     | 9469 ||| INVOKING Heroism.
  9489 | D:11     | Killed a sun demon
  9507 | D:11     | 9507 ||| INVOKING Heroism.
  9522 | D:11     | Killed a sixfirhy
  9523 | D:11     | Reached XP level 12. HP: 52/76 MP: 13/15
  9523 | D:11     | 9523 ||| Stepping ~*~*~tactically~*~*~ (hiding).
  9537 | D:11     | 9537 ||| Stepping ~*~*~tactically~*~*~ (hiding).
  9932 | D:11     | 9932 ||| Stepping ~*~*~tactically~*~*~ (hiding).
 10072 | D:11     | 10072 ||| PLANNING LAIR
 10072 | D:11     | 10072 ||| DROPPING scarf of harm.
 10073 | D:11     | 10073 ||| DRINKING 2 murky blue potions.
 10074 | D:11     | 10074 ||| READING 2 scrolls of identify.
 10074 | D:11     | 10074 ||| IDENTIFYING lumpy purple potion
 10075 | D:11     | 10075 ||| DROPPING potion of invisibility.
 10109 | Lair:1   | Entered Level 1 of the Lair of Beasts
 10115 | Lair:1   | 10115 ||| STAIRDANCE
 10125 | Lair:1   | 10125 ||| STAIRDANCE
 10149 | Lair:1   | Noticed Maggie
 10150 | Lair:1   | 10150 ||| Stepping ~*~*~tactically~*~*~ (hiding).
 10158 | Lair:1   | Killed Maggie
 10269 | Lair:1   | Noticed Amaemon
 10270 | Lair:1   | 10270 ||| Stepping ~*~*~tactically~*~*~ (hiding).
 10271 | Lair:1   | 10271 ||| INVOKING Heroism.
 10283 | Lair:1   | Reached skill level 12 in Axes
 10284 | Lair:1   | Killed Amaemon
 10284 | Lair:1   | Reached ***** piety under Okawaru
 10285 | Lair:1   | Reached skill level 6 in Invocations
 10397 | Lair:1   | 10397 ||| DROPPING +0 morningstar.
 10458 | Lair:1   | 10458 ||| READING scroll of enchant weapon.
 10458 | Lair:1   | 10458 ||| ENCHANTING +0 spectral war axe.
 10546 | Lair:1   | Noticed Nergalle
 10547 | Lair:1   | 10547 ||| Stepping ~*~*~tactically~*~*~ (hiding).
 10551 | Lair:1   | 10551 ||| Stepping ~*~*~tactically~*~*~ (hiding).
 10552 | Lair:1   | 10552 ||| Stepping ~*~*~tactically~*~*~ (hiding).
 10556 | Lair:1   | 10556 ||| INVOKING Heroism.
 10568 | Lair:1   | Killed Nergalle
 10892 | Lair:1   | 10892 ||| INVOKING Heroism.
 11058 | Lair:1   | Reached skill level 9 in Armour
 11198 | Lair:2   | 11198 ||| INVOKING Heroism.
 11221 | Lair:2   | Identified the +1 pair of boots "Kuyrot" {Int+2}
 11234 | Lair:2   | 11234 ||| READING scroll of enchant weapon.
 11234 | Lair:2   | 11234 ||| ENCHANTING +1 spectral war axe.
 11244 | Lair:2   | 11244 ||| Stepping ~*~*~tactically~*~*~ (stealth).
 11246 | Lair:2   | 11246 ||| Stepping ~*~*~tactically~*~*~ (stealth).
 11250 | Lair:2   | 11250 ||| Stepping ~*~*~tactically~*~*~ (stealth).
 11263 | Lair:2   | 11263 ||| FLEEEEING.
 11264 | Lair:2   | 11264 ||| FLEEEEING.
 11265 | Lair:2   | 11265 ||| FLEEEEING.
 11266 | Lair:2   | 11266 ||| FLEEEEING.
 11267 | Lair:2   | 11267 ||| FLEEEEING.
 11268 | Lair:2   | 11268 ||| FLEEEEING.
 11339 | Lair:2   | 11339 ||| INVOKING Heroism.
 11346 | Lair:2   | Received a gift from Okawaru
 11406 | Lair:2   | 11406 ||| Stepping ~*~*~tactically~*~*~ (stealth).
 11422 | Lair:2   | 11422 ||| INVOKING Heroism.
 11473 | Lair:2   | Noticed a six-headed hydra
 11474 | Lair:2   | 11474 ||| INVOKING Heroism.
 11475 | Lair:2   | 11475 ||| INVOKING Finesse.
 11482 | Lair:2   | 11482 ||| SWAPPING to +0 demon whip of venom.
 11490 | Lair:2   | Killed a six-headed hydra
 11491 | Lair:2   | 11491 ||| SWAPPING to +2 spectral war axe.
 11575 | Lair:2   | Reached XP level 13. HP: 82/82 MP: 19/19
 11730 | Lair:2   | 11730 ||| Stepping ~*~*~tactically~*~*~ (stealth).
 11732 | Lair:2   | 11732 ||| Stepping ~*~*~tactically~*~*~ (stealth).
 11745 | Lair:2   | 11745 ||| Stepping ~*~*~tactically~*~*~ (stealth).
 11749 | Lair:2   | Reached skill level 9 in Invocations
 11844 | Lair:2   | 11844 ||| INVOKING Heroism.
 11854 | Lair:2   | 11854 ||| SWAPPING to +0 demon whip of venom.
 11862 | Lair:2   | 11862 ||| SWAPPING to +2 spectral war axe.
 11882 | Lair:2   | 11882 ||| INVOKING Finesse.
 11884 | Lair:2   | 11884 ||| Stepping ~*~*~tactically~*~*~ (stealth).
 11889 | Lair:2   | 11889 ||| SWAPPING to +0 demon whip of venom.
 11891 | Lair:2   | 11891 ||| SWAPPING to +2 spectral war axe.
 11920 | Lair:2   | Found a staircase to the Swamp.
 12055 | Lair:2   | 12055 ||| UPGRADING to +1 pair of boots "Kuyrot" {Int+2}.
 12065 | Lair:2   | 12065 ||| DROPPING +0 pair of boots.
 12066 | Lair:2   | 12066 ||| READING 6 scrolls of identify.
 12066 | Lair:2   | 12066 ||| IDENTIFYING white potion
 12067 | Lair:2   | 12067 ||| DROPPING potion of brilliance.
 12112 | Lair:3   | 12112 ||| INVOKING Heroism.
 12177 | Lair:3   | Found a hole to the Spider Nest.
 12314 | Lair:3   | 12314 ||| INVOKING Heroism.
 12541 | Lair:3   | 12541 ||| INVOKING Heroism.
 12737 | Lair:3   | 12737 ||| INVOKING Heroism.
 12863 | Lair:3   | 12863 ||| UPGRADING to +0 helmet.
 12930 | Lair:4   | 12930 ||| INVOKING Heroism.
 12961 | Lair:4   | Reached skill level 13 in Axes
 12976 | Lair:4   | 12976 ||| INVOKING Finesse.
 13100 | Lair:4   | 13100 ||| INVOKING Heroism.
 13224 | Lair:3   | 13224 ||| INVOKING Heroism.
 13226 | Lair:3   | Received a gift from Okawaru
 13268 | Lair:3   | 13268 ||| INVOKING Heroism.
 13269 | Lair:3   | 13269 ||| INVOKING Finesse.
 13270 | Lair:3   | 13270 ||| INVOKING Finesse.
 13273 | Lair:3   | 13273 ||| SWAPPING to +0 demon whip of venom.
 13299 | Lair:3   | 13299 ||| SWAPPING to +2 spectral war axe.
 13350 | Lair:3   | 13350 ||| Stepping ~*~*~tactically~*~*~ (stealth).
 13352 | Lair:3   | 13352 ||| INVOKING Heroism.
 13507 | Lair:4   | 13507 ||| STAIRDANCE
 13520 | Lair:4   | Noticed Snorg
 13521 | Lair:4   | 13521 ||| INVOKING Heroism.
 13531 | Lair:4   | Killed Snorg
 13552 | Lair:4   | Reached skill level 14 in Axes
 13568 | Lair:4   | 13568 ||| Stepping ~*~*~tactically~*~*~ (stealth).
 13620 | Lair:4   | 13620 ||| INVOKING Heroism.
 13696 | Lair:4   | Gained mutation: Your large and strong wings let you fly.
                  | [Gargoyle growth]
 13696 | Lair:4   | Reached XP level 14. HP: 81/88 MP: 21/21
 13879 | Lair:4   | Received a gift from Okawaru
 13974 | Lair:4   | 13974 ||| Stepping ~*~*~tactically~*~*~ (stealth).
 13981 | Lair:4   | 13981 ||| INVOKING Heroism.
 14082 | Lair:4   | Reached skill level 12 in Shields
 14095 | Lair:4   | Found a viscous altar of Jiyva.
 14095 | Lair:4   | Found a staircase to the Slime Pits.
 14448 | Lair:5   | Entered Level 5 of the Lair of Beasts
 14449 | Lair:5   | 14449 ||| INVOKING Heroism.
 14460 | Lair:5   | Received a gift from Okawaru
 14468 | Lair:5   | Received a gift from Okawaru
 14477 | Lair:5   | 14477 ||| Stepping ~*~*~tactically~*~*~ (stealth).
 14515 | Lair:5   | 14515 ||| Stepping ~*~*~tactically~*~*~ (stealth).
 14518 | Lair:5   | 14518 ||| Stepping ~*~*~tactically~*~*~ (stealth).
 14519 | Lair:5   | 14519 ||| Stepping ~*~*~tactically~*~*~ (stealth).
 14521 | Lair:5   | 14521 ||| Stepping ~*~*~tactically~*~*~ (hiding).
 14586 | Lair:5   | Reached skill level 3 in Throwing
 14617 | Lair:5   | 14617 ||| FLEEEEING.
 14620 | Lair:5   | 14620 ||| FLEEEEING.
 14621 | Lair:5   | 14621 ||| INVOKING Heroism.
 14622 | Lair:5   | 14622 ||| INVOKING Finesse.
 14628 | Lair:5   | 14628 ||| SWAPPING to +0 demon whip of venom.
 14634 | Lair:5   | 14634 ||| SWAPPING to +2 spectral war axe.
 14662 | Lair:5   | Reached skill level 15 in Axes
 14682 | Lair:5   | 14682 ||| Stepping ~*~*~tactically~*~*~ (hiding).
 14683 | Lair:5   | 14683 ||| Stepping ~*~*~tactically~*~*~ (hiding).
 14687 | Lair:5   | 14687 ||| Stepping ~*~*~tactically~*~*~ (hiding).
 14688 | Lair:5   | 14688 ||| Stepping ~*~*~tactically~*~*~ (hiding).
 14706 | Lair:5   | 14706 ||| INVOKING Heroism.
 14735 | Lair:5   | Reached skill level 12 in Fighting
 14763 | Lair:5   | Reached ****** piety under Okawaru
 14768 | Lair:5   | 14768 ||| INVOKING Heroism.
 14771 | Lair:5   | Reached skill level 3 in Dodging
 14829 | Lair:5   | Identified the +1 ring mail "Jiqiez" {rPois rC- rN++ rCorr}
                  | (Okawaru gifted it to you on level 5 of the Lair of Beasts)
 14829 | Lair:5   | Received a gift from Okawaru
 14942 | Lair:5   | 14942 ||| Stepping ~*~*~tactically~*~*~ (hiding).
 15087 | Lair:5   | 15087 ||| INVOKING Heroism.
 15100 | Lair:5   | Reached XP level 15. HP: 94/96 MP: 20/22
 15128 | Lair:5   | 15128 ||| Stepping ~*~*~tactically~*~*~ (hiding).
 15167 | Lair:5   | 15167 ||| Stepping ~*~*~tactically~*~*~ (stealth).
 15211 | Lair:5   | 15211 ||| Stepping ~*~*~tactically~*~*~ (stealth).
 15212 | Lair:5   | 15212 ||| Stepping ~*~*~tactically~*~*~ (stealth).
 15213 | Lair:5   | 15213 ||| Stepping ~*~*~tactically~*~*~ (stealth).
 15264 | Lair:5   | 15264 ||| Stepping ~*~*~tactically~*~*~ (stealth).
 15266 | Lair:5   | 15266 ||| Stepping ~*~*~tactically~*~*~ (hiding).
 15267 | Lair:5   | 15267 ||| FLEEEEING.
 15268 | Lair:5   | 15268 ||| Stepping ~*~*~tactically~*~*~ (hiding).
 15304 | Lair:5   | 15304 ||| INVOKING Heroism.
 15371 | Lair:5   | 15371 ||| Stepping ~*~*~tactically~*~*~ (stealth).
 15382 | Lair:5   | 15382 ||| INVOKING Heroism.
 15383 | Lair:5   | 15383 ||| INVOKING Finesse.
 15389 | Lair:5   | 15389 ||| SWAPPING to +0 demon whip of venom.
 15400 | Lair:5   | 15400 ||| SWAPPING to +2 spectral war axe.
 15617 | Lair:5   | Found a runed translucent door.
 15645 | Lair:5   | 15645 ||| FLEEEEING.
 15646 | Lair:5   | 15646 ||| FLEEEEING.
 15647 | Lair:5   | 15647 ||| FLEEEEING.
 15648 | Lair:5   | 15648 ||| FLEEEEING.
 15649 | Lair:5   | 15649 ||| FLEEEEING.
 15650 | Lair:5   | 15650 ||| FLEEEEING.
 15651 | Lair:5   | 15651 ||| FLEEEEING.
 15652 | Lair:5   | 15652 ||| FLEEEEING.
 15653 | Lair:5   | 15653 ||| FLEEEEING.
 15654 | Lair:5   | 15654 ||| FLEEEEING.
 15655 | Lair:5   | 15655 ||| FLEEEEING.
 15656 | Lair:5   | 15656 ||| FLEEEEING.
 15657 | Lair:5   | 15657 ||| FLEEEEING.
 15658 | Lair:5   | 15658 ||| FLEEEEING.
 15659 | Lair:5   | 15659 ||| FLEEEEING.
 15697 | Lair:5   | 15697 ||| INVOKING Heroism.
 15730 | Lair:5   | Reached skill level 16 in Axes
 15911 | Lair:5   | Identified the +7 glaive "Neiked" {flame, Fragile rElec
                  | rF+}
 16080 | Lair:5   | 16080 ||| PLANNING D
 16223 | D:12     | Noticed Psyche
 16235 | D:12     | Killed Psyche
 16269 | D:12     | Noticed Sonja
 16270 | D:12     | 16270 ||| INVOKING Finesse.
 16271 | D:12     | 16271 ||| INVOKING Finesse.
 16279 | D:12     | Killed Sonja
 16324 | D:12     | 16324 ||| INVOKING Heroism.
 16342 | D:12     | Reached skill level 12 in Armour
 16367 | D:12     | 16367 ||| FLEEEEING.
 16429 | D:12     | 16429 ||| Stepping ~*~*~tactically~*~*~ (stealth).
 16431 | D:12     | 16431 ||| INVOKING Heroism.
 16432 | D:12     | 16432 ||| INVOKING Finesse.
 16434 | D:12     | 16434 ||| SWAPPING to +0 demon whip of venom.
 16440 | D:12     | 16440 ||| SWAPPING to +2 spectral war axe.
 16448 | D:12     | 16448 ||| Stepping ~*~*~tactically~*~*~ (stealth).
 16552 | D:12     | 16552 ||| READING scroll of enchant armour.
 16552 | D:12     | 16552 ||| ENCHANTING +0 helmet.
 16563 | D:12     | 16563 ||| INVOKING Heroism.
 16593 | D:12     | 16593 ||| INVOKING Heroism.
 16602 | D:12     | Received a gift from Okawaru
 16803 | D:12     | 16803 ||| INVOKING Heroism.
 16860 | D:12     | 16860 ||| Stepping ~*~*~tactically~*~*~ (stealth).
 16921 | D:12     | 16921 ||| Stepping ~*~*~tactically~*~*~ (hiding).
 16996 | D:12     | Identified the +5 glaive of the Desert {flame, rElec rF+
                  | Str-2 Dex+3}
 16997 | D:12     | 16997 ||| INVOKING Heroism.
 17015 | D:12     | 17015 ||| READING scroll of enchant armour.
 17015 | D:12     | 17015 ||| ENCHANTING +1 helmet.
 17016 | D:12     | Identified the +6 long sword "Qetegrie" {elec, Str+3 SInv}
 17057 | D:12     | 17057 ||| INVOKING Heroism.
 17123 | D:12     | 17123 ||| Stepping ~*~*~tactically~*~*~ (stealth).
 17124 | D:12     | 17124 ||| Stepping ~*~*~tactically~*~*~ (stealth).
 17126 | D:12     | 17126 ||| Stepping ~*~*~tactically~*~*~ (hiding).
 17144 | D:12     | 17144 ||| Stepping ~*~*~tactically~*~*~ (stealth).
 17145 | D:12     | 17145 ||| Stepping ~*~*~tactically~*~*~ (stealth).
 17164 | D:12     | Identified the +7 spear of the Breathing Gods {freeze,
                  | rElec}
 17164 | D:12     | Identified the +5 rapier "Tadd" {venom, Fragile rPois Str+7
                  | Int-4}
 17165 | D:12     | 17165 ||| Stepping ~*~*~tactically~*~*~ (hiding).
 17171 | D:12     | 17171 ||| DROPPING amulet of faith.
 17191 | D:12     | 17191 ||| Stepping ~*~*~tactically~*~*~ (stealth).
 17194 | D:12     | 17194 ||| Stepping ~*~*~tactically~*~*~ (hiding).
 17217 | D:12     | 17217 ||| Stepping ~*~*~tactically~*~*~ (stealth).
 17221 | D:12     | 17221 ||| Stepping ~*~*~tactically~*~*~ (stealth).
 17223 | D:12     | 17223 ||| Stepping ~*~*~tactically~*~*~ (hiding).
 17224 | D:12     | 17224 ||| Stepping ~*~*~tactically~*~*~ (hiding).
 17247 | D:12     | 17247 ||| Stepping ~*~*~tactically~*~*~ (hiding).
 17263 | D:12     | 17263 ||| Stepping ~*~*~tactically~*~*~ (stealth).
 17264 | D:12     | 17264 ||| Stepping ~*~*~tactically~*~*~ (stealth).
 17307 | D:12     | 17307 ||| Stepping ~*~*~tactically~*~*~ (hiding).
 17336 | D:12     | 17336 ||| INVOKING Heroism.
 17337 | D:12     | 17337 ||| INVOKING Finesse.
 17338 | D:12     | 17338 ||| INVOKING Finesse.
 17633 | D:12     | Found a staircase to the Orcish Mines.
 17641 | D:12     | 17641 ||| DROPPING amulet of the acrobat.
 17642 | D:12     | 17642 ||| READING 15 scrolls of identify.
 17642 | D:12     | 17642 ||| IDENTIFYING metallic cyan potion
 17643 | D:12     | 17643 ||| DROPPING potion of ambrosia.
 17664 | D:13     | 17664 ||| Stepping ~*~*~tactically~*~*~ (hiding).
 17665 | D:13     | 17665 ||| INVOKING Heroism.
 17666 | D:13     | 17666 ||| INVOKING Finesse.
 17669 | D:13     | 17669 ||| SWAPPING to +0 demon whip of venom.
 17676 | D:13     | 17676 ||| SWAPPING to +2 spectral war axe.
 17707 | D:13     | Reached XP level 16. HP: 104/104 MP: 20/23
 17728 | D:13     | Found Xeysh's Antique Armour Shoppe.
 17749 | D:13     | Noticed Kirke
 17752 | D:13     | 17752 ||| INVOKING Heroism.
 17762 | D:13     | 17762 ||| DRINKING 3 potions of cancellation.
 17768 | D:13     | Killed Kirke
 17786 | D:13     | Found a shimmering altar of Xom.
 17883 | D:13     | Noticed Jorgrun
 17884 | D:13     | 17884 ||| INVOKING Heroism.
 17885 | D:13     | 17885 ||| INVOKING Finesse.
 17896 | D:13     | Killed Jorgrun
 18184 | D:13     | 18184 ||| Stepping ~*~*~tactically~*~*~ (stealth).
 18258 | D:13     | 18258 ||| UPGRADING to +1 kite shield of reflection.
 18268 | D:13     | 18268 ||| DROPPING +0 kite shield.
 18269 | D:13     | 18269 ||| DROPPING ring of magical power.
 18316 | D:14     | Found the +9 staff of Olgreb {rPois∞}
 18349 | D:14     | 18349 ||| Stepping ~*~*~tactically~*~*~ (hiding).
 18352 | D:14     | 18352 ||| INVOKING Heroism.
 18391 | D:14     | Found a broken altar of Ashenzari.
 18444 | D:14     | 18444 ||| FLEEEEING.
 18445 | D:14     | 18445 ||| Stepping ~*~*~tactically~*~*~ (hiding).
 18446 | D:14     | 18446 ||| FLEEEEING.
 18455 | D:14     | 18455 ||| Stepping ~*~*~tactically~*~*~ (hiding).
 18699 | D:14     | 18699 ||| INVOKING Heroism.
 18702 | D:14     | 18702 ||| SWAPPING to +0 demon whip of venom.
 18711 | D:14     | 18711 ||| SWAPPING to +2 spectral war axe.
 18729 | D:14     | 18729 ||| Stepping ~*~*~tactically~*~*~ (stealth).
 18730 | D:14     | 18730 ||| Stepping ~*~*~tactically~*~*~ (stealth).
 18736 | D:14     | 18736 ||| SWAPPING to +0 demon whip of venom.
 18740 | D:14     | 18740 ||| SWAPPING to +2 spectral war axe.
 18917 | D:14     | 18917 ||| DROPPING +1 ring mail "Jiqiez" {rPois rC- rN++
                  | rCorr}.
 18921 | D:14     | Found a gate to the Vaults.
 18944 | D:14     | 18944 ||| INVOKING Heroism.
 18951 | D:14     | 18951 ||| Stepping ~*~*~tactically~*~*~ (stealth).
 19123 | D:14     | 19123 ||| INVOKING Heroism.
 19125 | D:14     | 19125 ||| READING 5 scrolls of teleportation.
 19192 | D:14     | 19192 ||| INVOKING Heroism.
 19193 | D:14     | 19193 ||| READING 4 scrolls of teleportation.
 19247 | D:14     | 19247 ||| INVOKING Heroism.
 19437 | D:14     | 19437 ||| INVOKING Heroism.
 19611 | D:14     | 19611 ||| INVOKING Heroism.
 19618 | D:14     | Received a gift from Okawaru
 19651 | D:15     | Entered Level 15 of the Dungeon
 19669 | D:15     | 19669 ||| INVOKING Heroism.
 19765 | D:15     | 19765 ||| Stepping ~*~*~tactically~*~*~ (hiding).
 19772 | D:15     | 19772 ||| Stepping ~*~*~tactically~*~*~ (hiding).
 19846 | D:15     | 19846 ||| Stepping ~*~*~tactically~*~*~ (hiding).
 19850 | D:15     | 19850 ||| INVOKING Heroism.
 19882 | D:15     | Found a staircase to the Depths.
 19933 | D:15     | 19933 ||| READING scroll of enchant weapon.
 19933 | D:15     | 19933 ||| ENCHANTING +2 spectral war axe.
 19943 | D:15     | Identified the +10 spear "Puaqul" {spect, Drain Dex+8}
 19963 | D:15     | 19963 ||| Stepping ~*~*~tactically~*~*~ (hiding).
 19965 | D:15     | 19965 ||| Stepping ~*~*~tactically~*~*~ (hiding).
 19999 | D:15     | 19999 ||| Stepping ~*~*~tactically~*~*~ (stealth).
 20001 | D:15     | 20001 ||| INVOKING Heroism.
 20024 | D:15     | 20024 ||| SWAPPING to +0 demon whip of venom.
 20028 | D:15     | 20028 ||| SWAPPING to +3 spectral war axe.
 20030 | D:15     | 20030 ||| Stepping ~*~*~tactically~*~*~ (hiding).
 20031 | D:15     | 20031 ||| Stepping ~*~*~tactically~*~*~ (hiding).
 20166 | D:15     | 20166 ||| Stepping ~*~*~tactically~*~*~ (hiding).
 20167 | D:15     | 20167 ||| Stepping ~*~*~tactically~*~*~ (hiding).
 20176 | D:15     | Received a gift from Okawaru
 20189 | D:15     | 20189 ||| Stepping ~*~*~tactically~*~*~ (stealth).
 20190 | D:15     | 20190 ||| Stepping ~*~*~tactically~*~*~ (stealth).
 20358 | D:15     | 20358 ||| INVOKING Heroism.
 20364 | D:15     | 20364 ||| SWAPPING to +0 demon whip of venom.
 20368 | D:15     | Reached skill level 15 in Fighting
 20368 | D:15     | 20368 ||| SWAPPING to +3 spectral war axe.
 20502 | D:15     | Found a portal to a secret trove of treasure.
 20569 | D:15     | 20569 ||| PLANNING ORC
 20647 | Orc:1    | Entered Level 1 of the Orcish Mines
 20756 | Orc:2    | Entered Level 2 of the Orcish Mines
 20765 | Orc:1    | Noticed Urug
 20766 | Orc:1    | 20766 ||| INVOKING Heroism.
 20781 | Orc:1    | Killed Urug
 20912 | Orc:1    | 20912 ||| Stepping ~*~*~tactically~*~*~ (stealth).
 20913 | Orc:1    | 20913 ||| Stepping ~*~*~tactically~*~*~ (stealth).
 20914 | Orc:1    | 20914 ||| Stepping ~*~*~tactically~*~*~ (hiding).
 20915 | Orc:1    | 20915 ||| Stepping ~*~*~tactically~*~*~ (hiding).
 20916 | Orc:1    | 20916 ||| Stepping ~*~*~tactically~*~*~ (stealth).
 20917 | Orc:1    | 20917 ||| Stepping ~*~*~tactically~*~*~ (stealth).
 20919 | Orc:1    | 20919 ||| Stepping ~*~*~tactically~*~*~ (hiding).
 21127 | Orc:2    | 21127 ||| INVOKING Heroism.
 21169 | Orc:1    | 21169 ||| Stepping ~*~*~tactically~*~*~ (hiding).
 21173 | Orc:1    | 21173 ||| INVOKING Heroism.
 21295 | Orc:2    | Found a radiant altar of Vehumet.
 21296 | Orc:2    | 21296 ||| INVOKING Heroism.
 21392 | Orc:2    | Found a runed translucent door.
 21425 | Orc:2    | 21425 ||| Stepping ~*~*~tactically~*~*~ (hiding).
 21515 | Orc:2    | 21515 ||| INVOKING Heroism.
 21529 | Orc:2    | 21529 ||| Stepping ~*~*~tactically~*~*~ (stealth).
 21530 | Orc:2    | 21530 ||| Stepping ~*~*~tactically~*~*~ (stealth).
 21535 | Orc:2    | 21535 ||| Stepping ~*~*~tactically~*~*~ (hiding).
 21644 | Orc:2    | Found Coaqoupup's Assorted Antiques.
 21657 | Orc:2    | 21657 ||| BUYING potion of curing (105 gold).
 21657 | Orc:2    | Bought a potion of curing for 105 gold pieces
 21657 | Orc:2    | 21657 ||| BUYING steaming plate armour (980 gold).
 21657 | Orc:2    | Bought a steaming plate armour for 980 gold pieces
 21657 | Orc:2    | Identified the +5 plate armour of Osonuc {Harm Drain Dex+6}
                  | (You bought it in a shop on level 2 of the Orcish Mines)
 21769 | Orc:2    | 21769 ||| INVOKING Heroism.
 21771 | Orc:2    | Found a staircase to the Elven Halls.
 21808 | Orc:2    | Found Jogifak's Weapon Emporium.
 21882 | Orc:2    | 21882 ||| INVOKING Heroism.
 21897 | Orc:2    | Found Saefosa's Antique Weapon Shop.
 22002 | Orc:2    | 22002 ||| INVOKING Heroism.
 22023 | Orc:2    | Found Larud's Antique Armour Boutique.
 22027 | Orc:2    | Reached XP level 17. HP: 100/113 MP: 24/24
 22042 | Orc:2    | 22042 ||| INVOKING Heroism.
 22050 | Orc:2    | 22050 ||| FLEEEEING.
 22051 | Orc:2    | 22051 ||| FLEEEEING.
 22052 | Orc:2    | 22052 ||| FLEEEEING.
 22053 | Orc:2    | 22053 ||| FLEEEEING.
 22054 | Orc:2    | 22054 ||| FLEEEEING.
 22055 | Orc:2    | 22055 ||| FLEEEEING.
 22056 | Orc:2    | 22056 ||| FLEEEEING.
 22058 | Orc:2    | 22058 ||| FLEEEEING.
 22059 | Orc:2    | 22059 ||| FLEEEEING.
 22111 | Orc:2    | Found Horum's Antique Weapon Shop.
 22131 | Orc:2    | 22131 ||| BUYING glowing chain mail (172 gold).
 22131 | Orc:2    | Bought a glowing chain mail for 172 gold pieces
 22206 | Orc:2    | 22206 ||| Stepping ~*~*~tactically~*~*~ (hiding).
 22399 | Orc:2    | 22399 ||| PLANNING SWAMP:1-3
 22399 | Orc:2    | 22399 ||| UPGRADING to +3 plate armour of fire resistance.
 22409 | Orc:2    | 22409 ||| DROPPING +0 plate armour.
 22410 | Orc:2    | 22410 ||| DROPPING +2 chain mail of positive energy.
 22557 | Swamp:1  | Entered Level 1 of the Swamp
 22563 | Swamp:1  | 22563 ||| INVOKING Heroism.
 22602 | Swamp:1  | 22602 ||| READING scroll of enchant armour.
 22602 | Swamp:1  | 22602 ||| ENCHANTING +3 plate armour of fire resistance.
 22619 | Swamp:1  | 22619 ||| Stepping ~*~*~tactically~*~*~ (hiding).
 22622 | Swamp:1  | 22622 ||| INVOKING Heroism.
 22648 | Swamp:1  | 22648 ||| Stepping ~*~*~tactically~*~*~ (hiding).
 22758 | Swamp:1  | 22758 ||| FLEEEEING.
 22759 | Swamp:1  | 22759 ||| Stepping ~*~*~tactically~*~*~ (hiding).
 22761 | Swamp:1  | 22761 ||| INVOKING Heroism.
 22769 | Swamp:1  | 22769 ||| Stepping ~*~*~tactically~*~*~ (hiding).
 22769 | Swamp:1  | Noticed Aizul
 22771 | Swamp:1  | 22771 ||| Stepping ~*~*~tactically~*~*~ (hiding).
 22777 | Swamp:1  | Killed Aizul
 22778 | Swamp:1  | 22778 ||| Stepping ~*~*~tactically~*~*~ (hiding).
 22829 | Swamp:1  | 22829 ||| READING scroll of enchant armour.
 22829 | Swamp:1  | 22829 ||| ENCHANTING +4 plate armour of fire resistance.
 22960 | Swamp:1  | 22960 ||| Stepping ~*~*~tactically~*~*~ (hiding).
 23284 | Swamp:2  | 23284 ||| INVOKING Heroism.
 23295 | Swamp:2  | Reached skill level 6 in Throwing
 23319 | Swamp:2  | 23319 ||| INVOKING Heroism.
 23343 | Swamp:2  | Received a gift from Okawaru
 23354 | Swamp:2  | 23354 ||| Stepping ~*~*~tactically~*~*~ (hiding).
 23427 | Swamp:2  | 23427 ||| FLEEEEING.
 23428 | Swamp:2  | 23428 ||| FLEEEEING.
 23429 | Swamp:2  | 23429 ||| FLEEEEING.
 23430 | Swamp:2  | 23430 ||| FLEEEEING.
 23431 | Swamp:2  | 23431 ||| FLEEEEING.
 23432 | Swamp:2  | 23432 ||| FLEEEEING.
 23433 | Swamp:2  | 23433 ||| FLEEEEING.
 23434 | Swamp:2  | 23434 ||| FLEEEEING.
 23436 | Swamp:2  | 23436 ||| Stepping ~*~*~tactically~*~*~ (hiding).
 23440 | Swamp:2  | 23440 ||| INVOKING Heroism.
 23846 | Swamp:3  | 23846 ||| INVOKING Heroism.
 23850 | Swamp:3  | 23850 ||| SWAPPING to +0 demon whip of venom.
 23852 | Swamp:3  | 23852 ||| SWAPPING to +3 spectral war axe.
 23855 | Swamp:3  | Reached skill level 15 in Armour
 23867 | Swamp:3  | 23867 ||| DROPPING +0 demon whip of venom.
 23896 | Swamp:3  | 23896 ||| INVOKING Heroism.
 23914 | Swamp:3  | Received a gift from Okawaru
 23939 | Swamp:3  | 23939 ||| INVOKING Heroism.
 23978 | Swamp:3  | 23978 ||| Stepping ~*~*~tactically~*~*~ (stealth).
 23980 | Swamp:3  | 23980 ||| Stepping ~*~*~tactically~*~*~ (stealth).
 23982 | Swamp:3  | 23982 ||| Stepping ~*~*~tactically~*~*~ (hiding).
 23986 | Swamp:3  | 23986 ||| Stepping ~*~*~tactically~*~*~ (hiding).
 24009 | Swamp:3  | 24009 ||| INVOKING Heroism.
 24023 | Swamp:3  | 24023 ||| SWAPPING to +1 eveningstar of holy wrath.
 24028 | Swamp:3  | Reached skill level 15 in Shields
 24028 | Swamp:3  | 24028 ||| SWAPPING to +3 spectral war axe.
 24124 | Swamp:3  | Noticed Nikola
 24125 | Swamp:3  | 24125 ||| INVOKING Heroism.
 24128 | Swamp:3  | 24128 ||| Stepping ~*~*~tactically~*~*~ (hiding).
 24140 | Swamp:3  | Killed from afar by Nikola

Levels and vault maps discovered:
D:1:      dpeg_arrival_tiny_i, layout_loops_corners, serial_forest,
          infiniplex_forest_clump_large, infiniplex_forest_lined_room_3,
          infiniplex_forest_lined_3, infiniplex_forest_clump_medium,
          infiniplex_forest_straight_2, infiniplex_forest_split,
          infiniplex_forest_straight_3
D:2:      layout_rooms, kennysheep_generic_room_6
D:3:      layout_loops_ring, serial_shops, shop, ebering_ecumenical_altar_hall
D:4:      layout_basic, gammafunk_ghost_arena, uniq_menkaure
D:5:      layout_loops_ring, chequers_serial_rivers_micro_b
D:6:      layout_basic, overflow_temple_1_default
D:7:      layout_rooms, minmay_temple_entry_hall
D:8:      layout_basic, bloody_trog, uniq_erica
D:9:      gammafunk_boulding_lane, layout_cross, minmay_misc_feat_encased
D:10:     layout_long_grid, amethyst_overflow_temple_binary
D:11:     layout_loops_cross, dpeg_oklobed_lair, serial_demonic,
          serial_demonic_c, serial_demonic_c, serial_demonic_e,
          serial_demonic_g, serial_demonic_b, serial_demonic_d
D:12:     minmay_the_grid_square_5x5_5x5 [minmay_the_grid_square_5x5_six,
          minmay_the_grid_square_5x5_eight, minmay_the_grid_square_5x5_spiral,
          minmay_the_grid_square_5x5_inset, minmay_the_grid_square_5x5_one_wall,
          minmay_the_grid_square_5x5_misaligned,
          minmay_the_grid_square_5x5_prize_deathbox,
          minmay_the_grid_square_5x5_three_small,
          minmay_the_grid_square_5x5_prize_open,
          minmay_the_grid_square_5x5_plus,
          minmay_the_grid_square_5x5_two_walls_a,
          minmay_the_grid_square_5x5_tie, minmay_the_grid_square_5x5_prize_gold,
          minmay_the_grid_square_5x5_detours,
          minmay_the_grid_square_5x5_gyroscope,
          minmay_the_grid_square_5x5_trominoes,
          minmay_the_grid_square_5x5_prize_itemx,
          minmay_the_grid_square_5x5_eight_small,
          minmay_the_grid_square_5x5_prize_snowflake,
          minmay_the_grid_square_5x5_longway,
          minmay_the_grid_square_5x5_hollow_slash,
          minmay_the_grid_square_5x5_empty,
          minmay_the_grid_square_5x5_two_walls_b,
          minmay_the_grid_square_5x5_corner, minmay_the_grid_square_5x5_v],
          layout_gridville, orc_0_dummy, uniq_psyche, uniq_sonja
D:13:     layout_rooms, serial_shops, shop, chequers_serial_rivers_small_3,
          brannock_xom_greatest_gift, uniq_kirke, uniq_jorgrun
D:14:     layout_grid_maze, skrybe_vaults_entry_preservation,
          evilmike_ruin_ashenzari
D:15:     grunt_enter_depths_hoard, layout_long_grid, enter_trove_6,
          grunt_decor_junction
Temple:   hc_temple_tempest_star
Lair:1:   layout_loops_ring, serial_bayou_lagoon_b, uniq_maggie, uniq_amaemon,
          uniq_nergalle
Lair:2:   layout_gridlike, palyth_hydra_swamp_entry
Lair:3:   onia_ninara_swampy_vault, layout_hall_layers, spider_nest_entry_rubble
Lair:4:   nzn_winding_woodlands_medium [nzn_winding_woodlands_5x5_cross,
          nzn_winding_woodlands_5x15_pool, nzn_winding_woodlands_5x5_perimeter,
          nzn_winding_woodlands_5x5_open_star,
          nzn_winding_woodlands_center_garden,
          nzn_winding_woodlands_5x5_closed_star,
          nzn_winding_woodlands_5x5_checkerboard,
          nzn_winding_woodlands_5x15_pockets, nzn_winding_woodlands_hourglass],
          layout_cave_pods, slime_entry_1, beast_lair_carwin_8, uniq_snorg
Lair:5:   wormcave, layout_loops_ring, hangedman_lair_caniforms_friends,
          grunt_megastairs_2
Swamp:1:  layout_basic_swamp, hangedman_swamp_blocks, uniq_aizul
Swamp:2:  layout_basic_swamp, evilmike_swamp_ruin_house_5
Swamp:3:  layout_basic_swamp, hangedman_swamp_ruin_wall, swamp_pool1,
          uniq_nikola
Orc:1:    layout_caves, basic_altar, uniq_urug
Orc:2:    grunt_orc_community_town_hall, layout_caves,
          grunt_orc_community_big_house_2, grunt_orc_community_big_house_1,
          grunt_orc_community_house_1, grunt_orc_community_house_1,
          grunt_orc_community_house_1, grunt_orc_community_house_3,
          serial_shops, nicolae_shop_crystal, hangedman_feature_mirror,
          lightli_church_of_beogh

Skill      XL: |  1  2  3  4  5  6  7  8  9 10 11 12 13 14 15 16 17 |
---------------+----------------------------------------------------+-----
Axes           | 2 3 4 5 7 9 10 11 12 14 15 16 | 16.0
Dodging        | 2 3 4 |  4.0
Fighting       | 4 6 7 9 10 12 13 15 | 15.0
Armour         | 4 5 6 8 9 10 11 13 14 15 | 15.0
Shields        | 7 9 10 11 12 13 14 15 | 15.0
Invocations    | 4 8 10 | 10.0
Throwing       | 1 2 3 4 7 |  7.0

Action                     |  1- 3 |  4- 6 |  7- 9 | 10-12 | 13-15 | 16-18 || total
---------------------------+-------+-------+-------+-------+-------+-------++-------
  Melee: War axe           |   138 |   124 |   195 |   434 |   869 |   580 ||  2340
         Demon whip        |       |       |       |     8 |    59 |    18 ||    85
         Eveningstar       |       |       |       |       |       |     4 ||     4
  Throw: Boomerang         |       |       |       |    37 |   101 |    53 ||   191
         Javelin           |       |       |       |       |       |    62 ||    62
 Invoke: Heroism           |       |       |       |    23 |    30 |    34 ||    87
         Finesse           |       |       |       |     1 |     9 |     1 ||    11
    Use: Scroll            |     3 |    11 |     4 |     9 |     4 |     5 ||    36
         Potion            |       |     3 |       |     6 |       |     1 ||    10
   Stab: Distracted        |       |       |     1 |     3 |    15 |    12 ||    31
 Armour: Scale mail        |    60 |    61 |       |       |       |       ||   121
         Chain mail        |       |    12 |   105 |    44 |       |       ||   161
         Plate armour      |       |       |       |   166 |   324 |   213 ||   703
  Dodge: Dodged            |    52 |    53 |    62 |   112 |   188 |   106 ||   573
  Block: Buckler           |    34 |    21 |    20 |       |       |       ||    75
         Kite shield       |       |       |    23 |   210 |   344 |   247 ||   824
         Reflection        |       |       |       |       |       |    16 ||    16

Table legend:
 A = Non-vault XP
 B = Vault XP
 C = Vault XP percentage of total XP
 D = Non-vault monster count
 E = Vault monster count
 F = Vault count percentage of total count
                 A         B        C        D         E       F
            +---------+---------+-------+---------+---------+-------
      Total |  121664 |   91937 |  43.0 |     554 |     292 |  34.5
            +---------+---------+-------+---------+---------+-------
        D:1 |      41 |       0 |   0.0 |      26 |       0 |   0.0
        D:2 |      51 |       1 |   1.9 |      20 |       1 |   4.8
        D:3 |      55 |       0 |   0.0 |      12 |       0 |   0.0
        D:4 |     176 |     172 |  49.4 |      13 |       1 |   7.1
        D:5 |     940 |       0 |   0.0 |      23 |       0 |   0.0
        D:6 |     506 |       0 |   0.0 |      10 |       0 |   0.0
        D:7 |    1704 |       0 |   0.0 |      31 |       0 |   0.0
        D:8 |    2288 |     857 |  27.2 |      26 |       1 |   3.7
        D:9 |    1811 |       0 |   0.0 |      18 |       0 |   0.0
       D:10 |    3410 |       0 |   0.0 |      24 |       0 |   0.0
       D:11 |    5270 |    4498 |  46.0 |      23 |       7 |  23.3
       D:12 |    7656 |   21014 |  73.3 |      20 |      46 |  69.7
       D:13 |    4967 |    4435 |  47.2 |      20 |       8 |  28.6
       D:14 |   11510 |    5240 |  31.3 |      23 |       9 |  28.1
       D:15 |   10961 |    1812 |  14.2 |      22 |       2 |   8.3
     Lair:1 |    1230 |    2421 |  66.3 |       6 |       4 |  40.0
     Lair:2 |    7573 |    2363 |  23.8 |      31 |       5 |  13.9
     Lair:3 |    2396 |    5436 |  69.4 |      10 |      18 |  64.3
     Lair:4 |    6654 |   11886 |  64.1 |      22 |      32 |  59.3
     Lair:5 |   15907 |   20895 |  56.8 |      50 |      81 |  61.8
    Swamp:1 |    9923 |    1117 |  10.1 |      29 |       1 |   3.3
    Swamp:2 |    9368 |       0 |   0.0 |      17 |       0 |   0.0
    Swamp:3 |    8939 |       0 |   0.0 |      18 |       0 |   0.0
      Orc:1 |    5731 |     784 |  12.0 |      35 |       1 |   2.8
      Orc:2 |    2597 |    9006 |  77.6 |      25 |      75 |  75.0
            +---------+---------+-------+---------+---------+-------
